[Event "*** Titled Tuesday Blitz"]
[Site "Chess.com"]
[Date "2020.04.14"]
[Round "4"]
[White "MasterKroket"]
[Black "AnnaChessLook"]
[Result "1-0"]
[WhiteElo "2436"]
[BlackElo "2232"]
[TimeControl "180+1"]
[EndTime "10:35:38 PDT"]
[Termination "MasterKroket won by checkmate"]

1. d4 Nf6 2. c4 c5 3. d5 b5 4. cxb5 a6 5. bxa6 g6 6. Nc3 Bg7 7. e4 O-O 8. Nf3 Qa5 9. Bd2 d6 10. Be2 Bxa6 11. O-O Bxe2 12. Qxe2 Qa6 13. Rfe1 Nbd7 14.
a4 Rfb8 15. Nb5 Ne8 16. Bc3 Nb6 17. Bxg7 Kxg7 18. b3 Nd7 19. e5 Rb7 20. e6 Ndf6 21.
exf7 Kxf7 22. Qe6+ Kg7 23. Ng5 Qa5 24. h4 Qd8 25. Qf7+ Kh8 26. Qf8+ Ng8 27. Nf7# 1-0

[Event "*** Titled Tuesday Blitz"]
[Site "Chess.com"]
[Date "2020.04.14"]
[Round "4"]
[White "vinniethepooh"]
[Black "Irishchessman16"]
[Result "1-0"]
[WhiteElo "2625"]
[BlackElo "2356"]
[TimeControl "180+1"]
[EndTime "10:35:39 PDT"]
[Termination "vinniethepooh won by resignation"]

1. d4 d5 2. c4 e6 3. Nc3 c6 4.
Nf3 Nf6 5. g3 dxc4 6. Bg2 Nbd7 7. O-O b5 8. e4 Bb7 9. e5 Nd5 10. Ng5 Be7 11. Qh5 g6 12. Qh6 Bf8 13. Qh3 h6 14.
Nce4 N7b6 15. Nxe6 fxe6 16. Qxe6+ Be7 17. Nd6+ 1-0

[Event "*** Titled Tuesday Blitz"]
[Site "Chess.com"]
[Date "2020.04.14"]
[Round "4"]
[White "pedromartinez91"]
[Black "Mischuk_D"]
[Result "0-1"]
[WhiteElo "2522"]
[BlackElo "2707"]
[TimeControl "180+1"]
[EndTime "10:35:40 PDT"]
[Termination "Mischuk_D won by resignation"]

1. Nf3 Nf6 2. g3 g6 3. Bg2 Bg7 4. O-O O-O 5. d4 d5 6. c3 c6 7. Nbd2 Bf5 8. Nh4 Be6 9. Qc2 a5 10. a4 Na6 11. Re1 Rc8 12. e4 dxe4 13. Nxe4 Nxe4 14.
Qxe4 Re8 15. Nf3 Bd5 16. Qh4 e6 17. Bg5 Qb6 18. Ne5 Bxg2 19. Kxg2 c5 20. Nd7 Qc6+ 0-1

[Event "*** Titled Tuesday Blitz"]
[Site "Chess.com"]
[Date "2020.04.14"]
[Round "4"]
[White "Anurag328"]
[Black "Mimsychess"]
[Result "1-0"]
[WhiteElo "2760"]
[BlackElo "2371"]
[TimeControl "180+1"]
[EndTime "10:35:45 PDT"]
[Termination "Anurag328 won by resignation"]

1. e4 e5 2. Nf3 Nc6 3. Bc4 Nf6 4.
d3 Be7 5. O-O O-O 6. a4 d6 7. Nbd2 h6 8. Re1 Re8 9. c3 Bf8 10. Qb3 Qe7 11. a5 a6 12. Nf1 g6 13.
Ne3 Qd8 14. h3 Bg7 15. Nh2 Rb8 16. Nhg4 Nxg4 17. Bxf7+ Kf8 18. Bxe8 Qxe8 19. Nxg4 Be6 20. Qc2 1-0

[Event "*** Titled Tuesday Blitz"]
[Site "Chess.com"]
[Date "2020.04.14"]
[Round "4"]
[White "GusKan67"]
[Black "queen_iryna"]
[Result "1-0"]
[WhiteElo "2419"]
[BlackElo "2207"]
[TimeControl "180+1"]
[EndTime "10:35:47 PDT"]
[Termination "GusKan67 won by resignation"]

1. d4 d5 2. Nf3 Nf6 3. c4 c6 4. e3 Bf5 5. Nc3 e6 6. Nh4 Bg6 7. Qb3 Qc7 8. Be2 Nbd7 9. Bd2 Bd6 10. c5 Be7 11. Nxg6 hxg6 12. f4 g5 13. fxg5 Rxh2 14. Rxh2 Qxh2 15. gxf6 Qg3+ 16. Kd1 Nxf6 17. Qxb7 Rb8 18. Qxc6+ Nd7 19. Bb5 1-0

[Event "*** Titled Tuesday Blitz"]
[Site "Chess.com"]
[Date "2020.04.14"]
[Round "4"]
[White "Zajdanek"]
[Black "blazingbanana"]
[Result "0-1"]
[WhiteElo "2367"]
[BlackElo "2404"]
[TimeControl "180+1"]
[EndTime "10:35:48 PDT"]
[Termination "blazingbanana won by resignation"]

1. e4 c5 2. Nf3 d6 3. d4 cxd4 4. Nxd4 Nf6 5. Nc3 a6 6. h3 e6 7. g4 Qc7 8. Bg2 Nc6 9. O-O Be7 10. Nxc6 bxc6 11. g5 Nd7 12. f4 O-O 13. f5 exf5 14. exf5 Re8 15. f6 Bf8 16. Bf4 Ne5 17. Bxe5 Rxe5 18. h4 Be6 19. Qf3 g6 20. Qxc6 Qxc6 21. Bxc6 Rb8 22. b3 Rc5 0-1

[Event "*** Titled Tuesday Blitz"]
[Site "Chess.com"]
[Date "2020.04.14"]
[Round "4"]
[White "ReyesBraulio"]
[Black "Medvezhlo"]
[Result "0-1"]
[WhiteElo "2173"]
[BlackElo "2447"]
[TimeControl "180+1"]
[EndTime "10:35:48 PDT"]
[Termination "Medvezhlo won by resignation"]

1. d4 d5 2. f4 c5 3. e3 g6 4. Nf3 Bg7 5. c3 Nf6 6. Bd3 O-O 7. O-O b6 8. Qe2 Bb7 9. Ne5 Nbd7 10. Nd2 Ne8 11. Qg4 Ndf6 12. Qf3 Nd6 13. g4 Nfe4 14.
g5 f6 15. gxf6 exf6 16. Ng4 Qe7 17. Nf2 Rae8 18. Bxe4 dxe4 19. Qg2 f5 20. Nh3 cxd4 21. cxd4 Rc8 22. Nb3 a5 23. a4 Bd5 24. Ra3 Nc4 25. Ra1 Nxe3 26. Bxe3 Bxb3 27. Rac1 Bxa4 28. Qd2 Qb4 29.
Qxb4 axb4 30. Ng5 Bb3 31. Kf2 h6 32. Nh3 Rfd8 33. Rfd1 Bxd1 34. Rxd1 0-1

[Event "*** Titled Tuesday Blitz"]
[Site "Chess.com"]
[Date "2020.04.14"]
[Round "4"]
[White "kuba2006"]
[Black "WelshTiger"]
[Result "1-0"]
[WhiteElo "2463"]
[BlackElo "2277"]
[TimeControl "180+1"]
[EndTime "10:35:52 PDT"]
[Termination "kuba2006 won by resignation"]

1. e4 c5 2. Nf3 Nc6 3. d4 cxd4 4.
Nxd4 Nf6 5. Nc3 d6 6. f3 e5 7. Nb3 h6 8. Be3 Be7 9. Qd2 a5 10. a4 Be6 11. Nd5 Bxd5 12. exd5 Nb4 13. Bb5+ Kf8 14. c4 Nd7 15. O-O Bg5 16. Bxg5 hxg5 17. Bxd7 Qxd7 18. Nxa5 Nxd5 19. Qxd5 b6 20. Qxa8+ 1-0

[Event "*** Titled Tuesday Blitz"]
[Site "Chess.com"]
[Date "2020.04.14"]
[Round "4"]
[White "TastyTablet"]
[Black "FCChelsea14"]
[Result "0-1"]
[WhiteElo "2573"]
[BlackElo "2810"]
[TimeControl "180+1"]
[EndTime "10:35:53 PDT"]
[Termination "FCChelsea14 won by resignation"]

1. e4 c6 2. d4 d5 3. exd5 cxd5 4. c4 Nf6 5. Nc3 e6 6. Bg5 Bb4 7. Nf3 O-O 8. Bd3 dxc4 9. Bxc4 Nbd7 10. O-O h6 11.
Bh4 Qa5 12. Rc1 Bxc3 13. bxc3 b6 14. Bd3 Bb7 15. Re1 Rac8 16. Ne5 Rxc3 17. Rxc3 Qxc3 18. Re3 Qc7 19. Rg3 Rc8 20. f4 Qc1 21. Qxc1 Rxc1+ 22. Kf2 Nxe5 23. dxe5 Ne4+ 24. Bxe4 Bxe4 25. Ra3 Bd5 26.
Rxa7 Rc2+ 27. Ke3 Rxg2 0-1

[Event "*** Titled Tuesday Blitz"]
[Site "Chess.com"]
[Date "2020.04.14"]
[Round "4"]
[White "paradise10"]
[Black "inegrepus"]
[Result "1-0"]
[WhiteElo "2735"]
[BlackElo "2297"]
[TimeControl "180+1"]
[EndTime "10:35:59 PDT"]
[Termination "paradise10 won by checkmate"]

1. e4 e6 2. Nf3 d5 3. Nc3 dxe4 4.
Nxe4 Nd7 5. g3 Ngf6 6. Nxf6+ Nxf6 7. Bg2 c5 8. O-O Be7 9. d4 O-O 10. dxc5 Qxd1 11. Rxd1 Bxc5 12. Ne5 Rb8 13. Bf4 Nh5 14. Nd7 Nxf4 15. Nxb8 Nxg2 16. Kxg2 e5 17. Nd7 Bd4 18. Nxf8 Bxb2 19. Rd8 Bxa1 20. Ne6# 1-0

[Event "*** Titled Tuesday Blitz"]
[Site "Chess.com"]
[Date "2020.04.14"]
[Round "4"]
[White "Gennady_Kozlov"]
[Black "rasmussvane"]
[Result "0-1"]
[WhiteElo "2582"]
[BlackElo "2872"]
[TimeControl "180+1"]
[EndTime "10:36:07 PDT"]
[Termination "rasmussvane won by resignation"]

1. b3 d5 2. Bb2 Bf5 3. e3 e6 4. f4 h6 5. Nf3 Nf6 6. Be2 Be7 7. O-O O-O 8. d3 a5 9. a4 c5 10.
Qe1 Nc6 11. Ne5 Nxe5 12. Bxe5 c4 13. bxc4 dxc4 14. e4 Bh7 15. Nd2 cxd3 16. cxd3 Nd7 17. Bd4 Nc5 18. Qf2 Rc8 19. Rfc1 b6 20. Nc4 Nb3 21. Bxb6 Qe8 22. Bxa5 Bc5 23. d4 Bxd4 24. Qxd4 Nxd4 25. Bd3 Nb3 26. Nd6 Rxc1+ 27. Rxc1 Qxa4 0-1

[Event "*** Titled Tuesday Blitz"]
[Site "Chess.com"]
[Date "2020.04.14"]
[Round "4"]
[White "XiaoKangZhong"]
[Black "dsanchez1973"]
[Result "1-0"]
[WhiteElo "2391"]
[BlackElo "2083"]
[TimeControl "180+1"]
[EndTime "10:36:08 PDT"]
[Termination "XiaoKangZhong won by resignation"]

1. e4 e6 2. d4 d5 3. Nd2 Be7 4. Ngf3 Nf6 5. Bd3 c5 6. c3 Nc6 7. e5 Nd7 8. O-O g5 9. dxc5 g4 10. Nd4 Ndxe5 11. Bb5 Bd7 12. f4 gxf3 13. N2xf3 Nxf3+ 14. Qxf3 Ne5 15. Qf4 f6 16. Nxe6 Qa5 17. Ng7+ Kd8 18.
Bxd7 Kxd7 19. Qf5+ Kd8 20. Bf4 Qxc5+ 21. Kh1 Qc8 22.
Ne6+ Ke8 23. Bxe5 fxe5 24. Qxe5 Rg8 25. Nc7+ Kd7 26. Nxa8 Qxa8 27. Qxd5+ Ke8 28. Qxg8+ 1-0

[Event "*** Titled Tuesday Blitz"]
[Site "Chess.com"]
[Date "2020.04.14"]
[Round "4"]
[White "lestri"]
[Black "Witik"]
[Result "1-0"]
[WhiteElo "2554"]
[BlackElo "2721"]
[TimeControl "180+1"]
[EndTime "10:36:15 PDT"]
[Termination "lestri won by resignation"]

1. c4 e6 2. Nf3 d5 3. e3 Nf6 4. b3 c5 5. Bb2 Nc6 6. cxd5 exd5 7. d4 cxd4 8. Nxd4 Bb4+ 9. Bc3 Qa5 10. Qd2 Ne4 11. Nxc6 Nxd2 12. Nxa5 Bxc3 13. Nxc3 Nxf1 14.
Nxd5 Nxe3 15. Nxe3 b6 16. Nac4 O-O 17. O-O-O Be6 18. Kb2 Rfb8 19. Nd6 b5 20. f4 g6 21.
g4 1-0

[Event "*** Titled Tuesday Blitz"]
[Site "Chess.com"]
[Date "2020.04.14"]
[Round "4"]
[White "algatar2020"]
[Black "Teidi96"]
[Result "1-0"]
[WhiteElo "1878"]
[BlackElo "2184"]
[TimeControl "180+1"]
[EndTime "10:36:22 PDT"]
[Termination "algatar2020 won by resignation"]

1. d4 Nf6 2. Bf4 g6 3. Nc3 d5 4. e3 c6 5. h4 h5 6. Nf3 Bg7 7. Ng5 O-O 8. Be2 Nbd7 9. g4 hxg4 10.
h5 gxh5 11. Qd3 Re8 12. Rxh5 e5 13. dxe5 Nxe5 14. Bxe5 Rxe5 15. Nxf7 Kxf7 16. Rxe5 Ne4 17. Rxe4 Bf5 18. Rf4 1-0

[Event "*** Titled Tuesday Blitz"]
[Site "Chess.com"]
[Date "2020.04.14"]
[Round "4"]
[White "Keaton87"]
[Black "dmosesov"]
[Result "0-1"]
[WhiteElo "2660"]
[BlackElo "2519"]
[TimeControl "180+1"]
[EndTime "10:36:26 PDT"]
[Termination "dmosesov won by resignation"]

1. d4 Nf6 2. Bg5 Ne4 3. Bf4 c5 4. f3 Qa5+ 5. c3 Nf6 6. d5 Qb6 7. e4 Qxb2 8. Nd2 Qxc3 9. Ne2 Qa5 10. Rc1 d6 11. Nc3 g6 12. Nc4 Qd8 13. h4 h5 14. e5 dxe5 15. Nxe5 Bg7 16. Bc4 O-O 17. g4 Nbd7 18. Kf2 Nxe5 19. Bxe5 Nxg4+ 20. fxg4 Bxe5 21. gxh5 Qd6 22. Ne4 Bd4+ 23. Qxd4 Qf4+ 0-1

[Event "*** Titled Tuesday Blitz"]
[Site "Chess.com"]
[Date "2020.04.14"]
[Round "4"]
[White "NewBornNow"]
[Black "Gabix_94"]
[Result "0-1"]
[WhiteElo "2654"]
[BlackElo "2862"]
[TimeControl "180+1"]
[EndTime "10:36:28 PDT"]
[Termination "Gabix_94 won by resignation"]

1. e4 e5 2. Nf3 Nc6 3. Bc4 Nf6 4. d3 Bc5 5. c3 d6 6. Nbd2 a5 7. Nf1 d5 8. exd5 Nxd5 9. Ng3 O-O 10. O-O Bb6 11. Re1 Re8 12. d4 Be6 13. Bxd5 Bxd5 14. Nxe5 Nxe5 15. dxe5 c6 16. Qg4 Re6 17. Be3 Rg6 18.
Bxb6 Qxb6 19. Qe2 Re8 20. c4 Be6 21. h3 Rxg3 0-1

[Event "*** Titled Tuesday Blitz"]
[Site "Chess.com"]
[Date "2020.04.14"]
[Round "4"]
[White "enzovsky"]
[Black "NicoChasin"]
[Result "1-0"]
[WhiteElo "2324"]
[BlackElo "2475"]
[TimeControl "180+1"]
[EndTime "10:36:28 PDT"]
[Termination "enzovsky won by resignation"]

1. e4 c5 2. Nf3 e6 3. d4 cxd4 4. Nxd4 Nc6 5. Nc3 Qc7 6. Qd3 a6 7. Nxc6 Qxc6 8. Be2 b5 9. Bf3 Bb7 10. Bf4 b4 11. e5 Qc7 12. Bxb7 Qxb7 13. Ne4 Be7 14.
O-O-O h5 15. Be3 Rc8 16. Kb1 Nh6 17. Bxh6 Rxh6 18. Rd2 Rg6 19. g3 Rc7 20. Rhd1 h4 21. gxh4 Rg4 22. Nd6+ Bxd6 23. exd6 Rc5 24. Qh7 1-0

[Event "*** Titled Tuesday Blitz"]
[Site "Chess.com"]
[Date "2020.04.14"]
[Round "4"]
[White "Colombiano07"]
[Black "Muguet7"]
[Result "0-1"]
[WhiteElo "2298"]
[BlackElo "2477"]
[TimeControl "180+1"]
[EndTime "10:36:32 PDT"]
[Termination "Muguet7 won by resignation"]

1. c4 e5 2. Nc3 Nf6 3. Nf3 Nc6 4. e4 Bc5 5. Nxe5 Nxe5 6. d4 Bb4 7. dxe5 Nxe4 8. Qg4 Nxc3 9. a3 Bf8 10. bxc3 d6 11. Qe4 dxe5 12. Qxe5+ Be6 13. Be2 Qd6 14. Qb5+ Bd7 15.
Qb4 Qc6 16. Qa5 Qxg2 17. Qe5+ Be6 18. Rf1 Bd6 19. Qd4 O-O 20. Bf4 Rad8 21. Bxd6 Rxd6 0-1

[Event "*** Titled Tuesday Blitz"]
[Site "Chess.com"]
[Date "2020.04.14"]
[Round "4"]
[White "garfield_pg"]
[Black "Dixit_Nikhil"]
[Result "0-1"]
[WhiteElo "2190"]
[BlackElo "2443"]
[TimeControl "180+1"]
[EndTime "10:36:34 PDT"]
[Termination "Dixit_Nikhil won by resignation"]

1. d4 g6 2. Nc3 Bg7 3. h4 h5 4. e4 d6 5. Nf3 a6 6. Bg5 b5 7. Qe2 Bg4 8. O-O-O Nd7 9. e5 Qc8 10. Nd5 e6 11. exd6 cxd6 12. Qe4 Ngf6 13. Nc7+ Qxc7 14.
Qxa8+ Ke7 15. Qxa6 Rc8 16. Bd3 Bf5 17. Qxb5 Kf8 18.
Bxf5 gxf5 19. c3 Ne4 20. Qe2 Nxc3 21. Kd2 Nxe2 0-1

[Event "*** Titled Tuesday Blitz"]
[Site "Chess.com"]
[Date "2020.04.14"]
[Round "4"]
[White "The_Machine04"]
[Black "ersekitamara"]
[Result "1-0"]
[WhiteElo "2378"]
[BlackElo "1953"]
[TimeControl "180+1"]
[EndTime "10:36:40 PDT"]
[Termination "The_Machine04 won by resignation"]

1. d4 Nf6 2. Bg5 e6 3. Nd2 d5 4.
e3 Be7 5. Bd3 O-O 6. f4 b6 7. Ngf3 Ba6 8. Ne5 Bxd3 9. cxd3 c5 10. O-O Qd6 11. Rf3 Nc6 12. Nxc6 Qxc6 13. Rh3 Rac8 14. dxc5 Qxc5 15. Qe1 Ng4 16. Qh4 h6 17.
Bxe7 1-0

[Event "*** Titled Tuesday Blitz"]
[Site "Chess.com"]
[Date "2020.04.14"]
[Round "4"]
[White "Duong57"]
[Black "warmoatmeal"]
[Result "1-0"]
[WhiteElo "2206"]
[BlackElo "1909"]
[TimeControl "180+1"]
[EndTime "10:36:40 PDT"]
[Termination "Duong57 won by checkmate"]

1. d4 Nf6 2. c4 e6 3. Nc3 Bb4 4. Qc2 c5 5. dxc5 Na6 6. a3 Bxc3+ 7. Qxc3 Nxc5 8. b4 Nce4 9. Qc2 d5 10. f3 Nd6 11. c5 Nf5 12. e3 Bd7 13. Bd3 Ne7 14.
Ne2 Rc8 15. Bb2 b6 16. O-O bxc5 17. bxc5 Nc6 18. Ba6 Rb8 19. Nd4 Qa5 20. Nxc6 Bxc6 21. Be5 Ra8 22. Bd3 Nd7 23. Bd6 f6 24. Bxh7 f5 25. Bg6+ Kd8 26. Rfb1 Nf6 27. Rb4 Kd7 28. Rab1 Rhc8 29. Bxf5 exf5 30. Qxf5+ Ke8 31. Qe6+ Kd8 32. Qe7# 1-0

[Event "*** Titled Tuesday Blitz"]
[Site "Chess.com"]
[Date "2020.04.14"]
[Round "4"]
[White "kasparicy"]
[Black "JoakimVonAnd"]
[Result "1-0"]
[WhiteElo "2333"]
[BlackElo "2484"]
[TimeControl "180+1"]
[EndTime "10:36:46 PDT"]
[Termination "kasparicy won by checkmate"]

1. e4 c6 2. d4 d5 3. f3 e6 4. Nc3 Nf6 5. e5 Nfd7 6. f4 c5 7. Nf3 Nc6 8. Be3 cxd4 9. Nxd4 Bc5 10. Bb5 Nxd4 11. Bxd4 Qb6 12. Bxc5 Qxc5 13. Qe2 a6 14. Bd3 b5 15. a4 b4 16. Nd1 a5 17. Nf2 O-O 18. O-O Qb6 19. Kh1 Ba6 20.
Nh3 Nc5 21. Bxh7+ Kxh7 22. Qh5+ Kg8 23. Ng5 Rfb8 24. Qxf7+ Kh8 25. Rf3 Rb7 26. Rh3# 1-0

[Event "*** Titled Tuesday Blitz"]
[Site "Chess.com"]
[Date "2020.04.14"]
[Round "4"]
[White "I_like_Kasparov"]
[Black "Haykoooo0o"]
[Result "1-0"]
[WhiteElo "2369"]
[BlackElo "2593"]
[TimeControl "180+1"]
[EndTime "10:36:51 PDT"]
[Termination "I_like_Kasparov won by resignation"]

1. e4 e5 2. Nf3 Nc6 3. Nc3 Nf6 4. d4 exd4 5. Nxd4 Bb4 6. Nxc6 bxc6 7. Bd3 d5 8. exd5 O-O 9. O-O Bg4 10. f3 Bh5 11. dxc6 Qd4+ 12. Kh1 Bxc3 13. bxc3 Qxc3 14. Bf4 Qxc6 15.
Be5 Bg6 16. Bxf6 Qxf6 17. Bxg6 hxg6 18. Qd3 Rad8 19. Qc4 Rd2 20. Qxc7 Qg5 21. Rg1 a5 22. c4 Re8 23. c5 Kh7 24. c6 Ree2 25. Qg3 Qc5 26.
c7 Rc2 27. Qh3+ Kg8 28. Qc8+ Kh7 29. Qh3+ Kg8 30. Qc8+ Qf8 31. Qxf8+ Kxf8 32. Rac1 Ke7 33.
c8=Q Rxc8 34. Rxc8 Rxa2 35. Ra8 a4 36. Ra7+ Kf6 37.
Re1 a3 38. h3 1-0

[Event "*** Titled Tuesday Blitz"]
[Site "Chess.com"]
[Date "2020.04.14"]
[Round "4"]
[White "Triumphmate"]
[Black "Eltaj_Safarli"]
[Result "0-1"]
[WhiteElo "2596"]
[BlackElo "3054"]
[TimeControl "180+1"]
[EndTime "10:36:54 PDT"]
[Termination "Eltaj_Safarli won on time"]

1. e4 e5 2. Nf3 Nc6 3. Nc3 Nf6 4.
Bb5 Bb4 5. O-O O-O 6. d3 d6 7.
Bg5 Bxc3 8. bxc3 Qe7 9. Re1 Nd8 10. d4 Ne6 11. Bd2 c6 12. Bd3 Qc7 13. h3 h6 14.
g4 Nh7 15. Nh4 Nhg5 16. Nf5 Nxh3+ 17. Kh2 Nhf4 0-1

[Event "*** Titled Tuesday Blitz"]
[Site "Chess.com"]
[Date "2020.04.14"]
[Round "4"]
[White "Azerichess"]
[Black "JakubPulpan"]
[Result "1-0"]
[WhiteElo "3009"]
[BlackElo "2762"]
[TimeControl "180+1"]
[EndTime "10:36:56 PDT"]
[Termination "Azerichess won by resignation"]

1. d4 Nf6 2. c4 e6 3. Nc3 d5 4. cxd5 Nxd5 5. e4 Nxc3 6. bxc3 c5 7. Rb1 Be7 8. Bb5+ Nd7 9. Ne2 O-O 10. O-O a6 11.
Bd3 b5 12. a4 b4 13. cxb4 cxb4 14. Bb2 Bb7 15. f4 a5 16. Ng3 Nb6 17. f5 Bc6 18. d5 exd5 19. f6 Bc5+ 20. Kh1 g6 21.
Qc1 Re8 22. Qxc5 dxe4 23. Qe3 Qd6 24. Bxe4 Nxa4 25. Qh6 1-0

[Event "*** Titled Tuesday Blitz"]
[Site "Chess.com"]
[Date "2020.04.14"]
[Round "4"]
[White "NiranjanNavalgund"]
[Black "jacky72"]
[Result "0-1"]
[WhiteElo "2424"]
[BlackElo "2689"]
[TimeControl "180+1"]
[EndTime "10:36:56 PDT"]
[Termination "jacky72 won by resignation"]

1. d4 Nf6 2. c4 c6 3. Nf3 d5 4. g3 Bf5 5. Bg2 e6 6. Nc3 Nbd7 7. Nh4 Be4 8. f3 Bg6 9. Nxg6 hxg6 10. Qb3 Qb6 11. c5 Qxb3 12. axb3 a6 13. b4 Rd8 14. e4 e5 15. exd5 exd4 16. dxc6 bxc6 17. Ne2 d3 18. Nf4 Nb8 19. Ra3 Nd5 20. Nxd3 Be7 21. O-O O-O 22. Re1 Nxb4 23. Rxe7 Nxd3 24.
Be3 Nxb2 25. Rb3 Nc4 26. Bf4 a5 27. Bf1 Nd2 28. Rxb8 Nxf3+ 29. Kf2 Rxb8 30. Bxb8 Rxb8 31. Kxf3 Rb3+ 32. Ke4 Rb1 33. Bc4 Re1+ 34. Kd4 Rxe7 0-1

[Event "*** Titled Tuesday Blitz"]
[Site "Chess.com"]
[Date "2020.04.14"]
[Round "4"]
[White "11kevin"]
[Black "Revnov"]
[Result "0-1"]
[WhiteElo "2549"]
[BlackElo "2772"]
[TimeControl "180+1"]
[EndTime "10:36:59 PDT"]
[Termination "Revnov won by resignation"]

1. d4 e6 2. c4 Bb4+ 3. Bd2 a5 4.
g3 d6 5. Bg2 e5 6. Nf3 Nc6 7. d5 Nce7 8. Nc3 Nf6 9. O-O O-O 10.
Nb5 Bc5 11. a3 a4 12. Bb4 Bb6 13. Nc3 Bd7 14. Nd2 Ng4 15. e3 f5 16. h3 Nf6 17.
Kh2 Ng6 18. Nf3 Qe7 19. Rc1 h5 20. h4 Ng4+ 21. Kg1 f4 22. exf4 exf4 23. Nd4 fxg3 24. Qd3 gxf2+ 25. Kh1 Bxd4 26. Qxd4 Qxh4+ 0-1

[Event "*** Titled Tuesday Blitz"]
[Site "Chess.com"]
[Date "2020.04.14"]
[Round "4"]
[White "anushanlv"]
[Black "SavelijTartakover"]
[Result "1/2-1/2"]
[WhiteElo "2163"]
[BlackElo "2591"]
[TimeControl "180+1"]
[EndTime "10:37:01 PDT"]
[Termination "Game drawn by agreement"]

1. d4 d5 2. Nf3 Nf6 3. e3 e6 4. c4 a6 5. b3 b6 6. Bd3 Bb7 7.
cxd5 exd5 8. O-O Nbd7 9. Bb2 Bd6 10. Nc3 Qe7 11. Rc1 O-O 12. Ne2 Rfe8 13. Ng3 g6 14. Qc2 Ne4 15. Ne5 Rac8 16. Nxe4 dxe4 17. Bxe4 Bxe4 18.
Qxe4 Nxe5 19. dxe5 Bxe5 20. Bxe5 Qxe5 21. Qxe5 Rxe5 22.
Rc6 Re7 23. Rfc1 Rd8 24. g4 Rd2 25. Rxc7 Rxc7 26. Rxc7 Rxa2 27. Rc6 b5 28. g5 a5 29. Rb6 b4 30. h4 Kg7 31. Kg2 h6 32. Kg3 hxg5 33. hxg5 Ra3 34. Ra6 Rxb3 35. Rxa5 Rb1 36. Ra7 b3 1/2-1/2

[Event "*** Titled Tuesday Blitz"]
[Site "Chess.com"]
[Date "2020.04.14"]
[Round "4"]
[White "pooh2012"]
[Black "MokshAD1603"]
[Result "1-0"]
[WhiteElo "2569"]
[BlackElo "2341"]
[TimeControl "180+1"]
[EndTime "10:37:04 PDT"]
[Termination "pooh2012 won by resignation"]

1. Nf3 Nf6 2. g3 g6 3. b3 Bg7 4. Bb2 b6 5. Bg2 Bb7 6. d3 O-O 7. O-O c5 8. e4 Nc6 9. Qe2 d5 10.
Nbd2 e5 11. Nxe5 Nxe5 12. Bxe5 Re8 13. f4 d4 14. a4 Nd7 15. Bxg7 Kxg7 16. Nc4 a6 17.
Nd6 Bc6 18. Nxe8+ Qxe8 19. e5 Bxg2 20. Qxg2 Rd8 21. Rae1 Nf8 22. f5 Kg8 23. Qb7 Rd7 24. Qc6 Qd8 25. e6 fxe6 26. fxe6 Re7 27. Qf3 Nxe6 28.
Rxe6 Rxe6 29. Qf7+ Kh8 30. Qxe6 1-0

[Event "*** Titled Tuesday Blitz"]
[Site "Chess.com"]
[Date "2020.04.14"]
[Round "4"]
[White "m-garcett"]
[Black "chiwii"]
[Result "0-1"]
[WhiteElo "2000"]
[BlackElo "2232"]
[TimeControl "180+1"]
[EndTime "10:37:07 PDT"]
[Termination "chiwii won by resignation"]

1. e4 c5 2. Nf3 e6 3. d4 cxd4 4. Nxd4 a6 5. Bd3 g6 6. Qe2 Bg7 7. Be3 d6 8. O-O Ne7 9. c4 O-O 10. Nc3 Nbc6 11. Nc2 f5 12. exf5 Nxf5 13. Bxf5 gxf5 14.
f4 Qc7 15. Rad1 Bd7 16. Rf3 Ne7 17. Rg3 Ng6 18. Qd3 Rad8 19. Qxd6 Qxc4 20. Bd4 Ba4 21. Qb4 Qxb4 22. Nxb4 Bxd1 23. Bxg7 Kxg7 0-1

[Event "*** Titled Tuesday Blitz"]
[Site "Chess.com"]
[Date "2020.04.14"]
[Round "4"]
[White "VishnuPrasanna"]
[Black "Crazy_girl99"]
[Result "1-0"]
[WhiteElo "2685"]
[BlackElo "2506"]
[TimeControl "180+1"]
[EndTime "10:37:08 PDT"]
[Termination "VishnuPrasanna won by resignation"]

1. d4 Nf6 2. c4 e6 3. Nf3 d5 4.
g3 Be7 5. Bg2 O-O 6. Qb3 dxc4 7.
Qxc4 a6 8. Qc2 b5 9. Bf4 Nd5 10. Nc3 Nxf4 11. gxf4 Bb7 12. O-O Nd7 13. Ne4 h6 14. Rfd1 Qb8 15. Nc5 Nxc5 16. dxc5 Bc6 17. Ne5 Bxg2 18. Kxg2 Rd8 19. Nc6 Qb7 20. Qe4 Kf8 21.
b4 Bf6 22. Rac1 g6 23. Kf3 Rxd1 24. Rxd1 Kg7 25. Rd7 Re8 26. Rxf7+ Kxf7 27. Ne5+ Bxe5 28. Qxb7 Bc3 29. a3 a5 30. Qxc7+ 1-0

[Event "*** Titled Tuesday Blitz"]
[Site "Chess.com"]
[Date "2020.04.14"]
[Round "4"]
[White "Er_is_geen_hoop_meer"]
[Black "flavicol64"]
[Result "1-0"]
[WhiteElo "2483"]
[BlackElo "2294"]
[TimeControl "180+1"]
[EndTime "10:37:09 PDT"]
[Termination "Er_is_geen_hoop_meer won on time"]

1. b4 d5 2. Bb2 Bf5 3. e3 h6 4. g4 Bh7 5. h4 e6 6. Nf3 Nd7 7. g5 h5 8. c4 c6 9. Nc3 Ne7 10. Qb3 Nf5 11. cxd5 cxd5 12. Rc1 Rc8 13. Qa4 a6 14. b5 axb5 15. Bxb5 Bd6 16. Ke2 Ke7 17. e4 Nc5 18. exf5 Nxa4 19. f6+ gxf6 20. Nxd5+ Kf8 21. Bxf6 Rxc1 22. Rxc1 Qa8 23. Nb6 Nxb6 24.
Bxh8 Nd5 25. Bd7 Qxa2 26. Bf6 Nxf6 27. gxf6 Qa6+ 28. Ke1 b6 29. Ng5 Bf5 30. Rc8+ 1-0

[Event "*** Titled Tuesday Blitz"]
[Site "Chess.com"]
[Date "2020.04.14"]
[Round "4"]
[White "MalcolmPein"]
[Black "JesseFebruary"]
[Result "1-0"]
[WhiteElo "2199"]
[BlackElo "1752"]
[TimeControl "180+1"]
[EndTime "10:37:09 PDT"]
[Termination "MalcolmPein won by resignation"]

1. d4 Nf6 2. c4 e6 3. Nc3 d5 4. Nf3 Be7 5. Bf4 O-O 6. e3 c5 7. dxc5 Bxc5 8. a3 a5 9. Qc2 dxc4 10. Bxc4 Bd7 11. Rd1 Nc6 12. O-O Qe7 13. Na4 b6 14. Nxc5 bxc5 15. Bd6 Qe8 16. Bxc5 e5 17. Bxf8 Qxf8 18. Ng5 Nd8 19. Rxd7 1-0

[Event "*** Titled Tuesday Blitz"]
[Site "Chess.com"]
[Date "2020.04.14"]
[Round "4"]
[White "CroissantNeuf"]
[Black "Playgood28"]
[Result "1-0"]
[WhiteElo "2401"]
[BlackElo "2158"]
[TimeControl "180+1"]
[EndTime "10:37:11 PDT"]
[Termination "CroissantNeuf won by resignation"]

1. Nf3 f5 2. d3 d6 3. e4 e5 4. Nc3 Nc6 5. d4 fxe4 6. Nxe4 Nxd4 7. Nxd4 exd4 8. Qxd4 Nf6 9. Bg5 Be7 10. Bc4 c6 11.
O-O-O d5 12. Nxf6+ gxf6 13. Rhe1 O-O 14. Bh6 Rf7 15. Rd3 dxc4 16. Qxd8+ 1-0

[Event "*** Titled Tuesday Blitz"]
[Site "Chess.com"]
[Date "2020.04.14"]
[Round "4"]
[White "druskacik"]
[Black "MikaelyanArman"]
[Result "1-0"]
[WhiteElo "2593"]
[BlackElo "2807"]
[TimeControl "180+1"]
[EndTime "10:37:15 PDT"]
[Termination "druskacik won by checkmate"]

1. e4 d5 2. exd5 Qxd5 3. Nc3 Qd8 4. Nf3 Nf6 5. Bc4 g6 6. Ne5 e6 7. d4 Bg7 8. O-O O-O 9. Bg5 h6 10. Bh4 g5 11. Bg3 a6 12. Re1 b5 13. Bb3 Bb7 14.
a3 Nc6 15. Nxc6 Bxc6 16. Be5 a5 17. Qd3 Qd7 18. Ne2 Ne8 19. Bxg7 Nxg7 20. Ng3 Rad8 21. c3 Bb7 22. Re5 Qc6 23. f3 Ba6 24.
Bc2 b4 25. Qh7# 1-0